AoeStats
← NonlyZorg

Oasis

507653112Analyzed
3v3 RM · 14d ago on Sep 19, 2026· 51m 38s· 6 players
Game mode
Random Map
Map size
Normal (6 player)
Population
200
Speed
Normal
Resources
Standard
Victory
Conquest
Starting age
Dark Age
Ending age
Imperial Age
RankedLock teamsTeams togetherTeam positionsShared explorationLock speedFull tech treeHidden civsTurbo modeCheats
Victory
Defeat
🇨🇴 Bohemians · Colombia
1015
+16
🇲🇽 Saracens · Mexico
1003
+17
🇲🇽 Chinese · Mexico
950
+19
🇺🇸 Celts · United States
1047
-19
🇳🇿 Bulgarians · New Zealand
1008
-17
🇨🇱 Celts · Chile
997
-16
NonlyZorg
4:56 Loom
11:50 Feudal Age
13:36 Wheelbarrow
16:22 Castle Age
14:43 Stone Mining
15:46 Double-Bit Axe
15:45 Horse Collar
24:05 Fortified Wall
24:29 Fletching
25:08 Treadmill Crane
30:21 Elite Skirmisher
31:05 Padded Archer Armor
36:26 Forging
36:16 Scale Mail Armor
35:42 Man-at-Arms
36:10 Gambesons
36:20 Pikeman
36:46 Arson
37:47 Long Swordsman
38:49 Leather Archer Armor
40:20 Gold Mining
41:45 Bodkin Arrow
43:22 Ballistics
BattleCrap
10:46 Feudal Age
11:22 Loom
12:25 Double-Bit Axe
14:24 Arson
17:20 Fletching
22:55 Scale Mail Armor
27:01 Forging
33:44 Wheelbarrow
36:45 Stone Mining
38:59 Castle Age
36:55 Gold Mining
37:03 Horse Collar
38:11 Padded Archer Armor
38:18 Scale Barding Armor
40:52 Squires
40:37 Gambesons
41:26 Thumb Ring
41:52 Bow Saw
42:14 Heavy Plow
42:18 Pikeman
Eagle
2:03 Loom
11:28 Feudal Age
12:17 Double-Bit Axe
12:16 Horse Collar
15:02 Wheelbarrow
16:16 Gold Mining
18:51 Castle Age
21:10 Bow Saw
21:31 Heavy Plow
28:54 Pikeman
30:17 Scale Mail Armor
30:28 Forging
31:16 Hand Cart
30:49 Town Watch
32:11 Gambesons
32:45 Caravan
33:30 Fletching
34:16 Iron Casting
33:56 Chain Mail Armor
35:24 Masonry
35:27 Fortified Wall
35:38 Ballistics
35:14 Murder Holes
35:00 Treadmill Crane
39:23 Imperial Age
36:56 Town Patrol
37:37 Gold Shaft Mining
36:52 Stone Mining
37:02 Bodkin Arrow
37:13 Scale Barding Armor
36:38 Light Cavalry
37:18 Husbandry
37:23 Padded Archer Armor
37:17 Arson
36:54 Man-at-Arms
37:53 Husbandry
38:12 Guard Tower
38:55 Chain Barding Armor
41:34 Plate Mail Armor
40:29 Halberdier
40:30 Long Swordsman
41:29 Cavalier
43:12 Blast Furnace
42:02 Two-Handed Swordsman
42:19 Capped Ram
43:41 Conscription
43:45 Heavy Scorpion
44:29 Champion
45:29 Siege Engineers
OpWolf
0:56 Loom
11:56 Feudal Age
14:22 Double-Bit Axe
14:20 Horse Collar
30:20 Fletching
30:31 Padded Archer Armor
33:57 Castle Age
33:45 Gold Mining
33:46 Stone Mining
35:25 Thumb Ring
34:41 Crossbowman
35:56 Bodkin Arrow
36:16 Leather Archer Armor
36:12 Forging
36:45 Bow Saw
36:46 Heavy Plow
36:26 Pikeman
38:32 Wheelbarrow
39:08 Squires
40:57 Scale Mail Armor
45:00 Imperial Age
44:02 Iron Casting
43:42 Chain Mail Armor
45:39 Hand Cart
46:30 Halberdier
49:50 Bracer
50:20 Ring Archer Armor
51:27 Two-Man Saw
RED
11:33 Feudal Age
14:57 Forging
14:42 Double-Bit Axe
15:18 Loom
21:43 Castle Age
20:55 Horse Collar
22:02 Stone Mining
22:42 Bow Saw
22:42 Husbandry
22:53 Bloodlines
22:18 Man-at-Arms
24:40 Iron Casting
24:17 Man-at-Arms
26:33 Gold Mining
27:59 Wheelbarrow
28:58 Hand Cart
31:06 Light Cavalry
31:58 Squires
31:18 Long Swordsman
31:44 Gambesons
32:34 Scale Barding Armor
37:31 Imperial Age
37:31 Gold Shaft Mining
40:00 Conscription
40:56 Hussar
42:23 Caravan
43:39 Two-Man Saw
44:05 Blast Furnace
43:25 Chain Barding Armor
43:28 Ballistics
43:19 Fortified Wall
43:28 Two-Handed Swordsman
49:13 Elite Mameluke
Adhael
7:28 Loom
10:34 Feudal Age
15:18 Castle Age
18:16 Chemistry
17:24 Double-Bit Axe
17:24 Horse Collar
19:40 Bow Saw
21:38 Heavy Plow
26:37 Wheelbarrow
28:27 Hand Cart
36:21 Imperial Age
35:21 Treadmill Crane
38:23 Padded Archer Armor
40:32 Houfnice
42:07 Pikeman
42:49 Squires
43:59 Conscription
43:54 Wagenburg Tactics
44:45 Leather Archer Armor
46:42 Ring Archer Armor
47:11 Halberdier
48:05 Forging
48:43 Siege Engineers
Connection lost

Rejoining the realm…

Still unreachable

The connection could not be restored.

Session expired

The server has moved on; the page needs a fresh start.